 Dungeon Crawl Stone Soup version 0.27.0-1-g7a089689b8 (webtiles) character file.

Game seed: 5115301757117875699

127 ZARRMARR the Conjurer (level 4, -4/36 HPs)
             Began as a Draconian Conjurer on Aug 3, 2021.
             Slain by Grinder (7 damage)
             ... on level 3 of the Dungeon.
             The game lasted 00:12:23 (3303 turns).

ZARRMARR the Conjurer (Draconian Conjurer)          Turns: 3303, Time: 00:12:24

Health: -4/36      AC:  5    Str: 10    XL:     4   Next: 85%
Magic:  4/7        EV: 12    Int: 19    God:
Gold:   83         SH:  0    Dex:  9    Spells: 7/8 levels left

rFire    . . .     SeeInvis .   d - +1 short sword (freeze)
rCold    . . .     Faith    .   (no shield)
rNeg     . . .     Spirit   .   (armour unavailable)
rPois    .         Reflect  .   (helmet restricted)
rElec    .         Harm     .   (no cloak)
rCorr    .         Rampage  .   (no gloves)
Will     .....                  (no boots)
Stlth    ++........             (no amulet)
HPRegen  0.12/turn              e - ring of wizardry
MPRegen  0.10/turn              (no ring)

@: no status effects
A: AC +5, unfitting armour, cold-blooded
a: no special abilities


You were on level 3 of the Dungeon.
You visited 1 branch of the dungeon, and saw 3 of its levels.

You collected 83 gold pieces.

Inventory:

Hand Weapons
 d - a +1 short sword of freezing (weapon)
Missiles
 c - 102 stones (quivered)
Jewellery
 e - a ring of wizardry (left hand)
Wands
 k - a wand of flame (16)
Scrolls
 i - a scroll of silence
Potions
 a - a potion of heal wounds
 b - a potion of lignification
 f - a potion of resistance {unknown}
 g - a potion of brilliance {unknown}
 h - a potion of berserk rage {unknown}
 j - a potion of attraction {unknown}
 l - a potion of ambrosia {unknown}


   Skills:
 + Level 2.1 Fighting
 + Level 1.4 Short Blades
 + Level 2.4 Dodging
 + Level 2.1 Stealth
 + Level 2.5 Spellcasting
 + Level 4.6 Conjurations


You had 7 spell levels left.
You knew the following spells:

 Your Spells              Type           Power      Damage    Failure   Level
a - Magic Dart            Conj           80%        1d7       1%          1

Your spell library contained the following spells:

 Spells                   Type           Power      Damage    Failure   Level
 Searing Ray              Conj           40%        3d4       1%          2
 Foxfire                  Conj/Fire      44%        2x1d6     2%          1
 Dazzling Flash           Conj/Hex       22%        N/A       8%          3
 Fulminant Prism          Conj/Hex       5%         3d7       24%         4
 Iskenderun's Mystic Bla  Conj/Tloc      11%        2d4       24%         4
 Irradiate                Conj/Tmut      5%         3d15      52%         5
 Iron Shot                Conj/Erth      5%         9d2       97%         6
 Orb of Destruction       Conj           10%        9d5       100%        7


Dungeon Overview and Level Annotations

Branches:
Dungeon (3/15)

Altars:
Ashenzari
Fedhas

Shops:
D:2 [

Annotations:
D:3 Grinder


Innate Abilities, Weirdness & Mutations

Your plain brown scales are hard. (AC +5)
You cannot fit into any form of body armour.
You are cold-blooded and may be slowed by cold attacks.


Message History

You barely miss the quokka.
An endoplasm comes into view.
The quokka barely misses you.
You barely miss the quokka. The quokka barely misses you.
You closely miss the quokka.
The endoplasm quivers.
The quokka closely misses you. The quokka bites you.
You closely miss the quokka.
The quokka bites you but does no damage.
You hit the quokka. You freeze the quokka.
You kill the quokka!
The quokka bites you.
You hit the quokka. You freeze the quokka. You tail-slap the quokka.
You kill the quokka!
You hit the endoplasm. You freeze the endoplasm.
The endoplasm is almost dead.
The endoplasm freezes you.
You are frozen.
You hit the endoplasm. You freeze the endoplasm.
You kill the endoplasm!
You hit Grinder.
Grinder is severely wounded.
Grinder hits you.
You writhe in agony.
You hit Grinder.
Grinder is severely wounded.
Grinder misses you.
You closely miss Grinder.
Grinder is severely wounded.
Grinder gestures at you. Pain shoots through your body!
* * * LOW HITPOINT WARNING * * *
You barely miss Grinder.
Grinder is severely wounded.
Grinder gestures at you. You resist with significant effort. Grinder hits you.
* * * LOW HITPOINT WARNING * * *
You hit Grinder.
Grinder is severely wounded.
Grinder hits you!
You die...

..#...#.. #...
###._.### #..#
..#...#.. #..#
.##'###.. #..#
##..#.##. #..##
##...#..## ...
##....#...# #5#
##.....#....
#@#####..)...#....
#....#.......#....
#####.###.........
#.# #......### #.#
#.###### #.....#
#######


You could see Grinder.

Vanquished Creatures
  Terence (D:3)
  4 adders
  5 dart slugs
  5 endoplasms
  2 giant cockroaches (D:1)
  2 goblins
  6 hobgoblins
  3 jackals (D:1)
  3 kobolds (D:1)
  6 quokkas
  4 ball pythons
  5 bats
  5 frilled lizards
  7 rats
58 creatures vanquished.

Notes
Turn   | Place    | Note
-------+----------+-------------------------------------------
     0 | D:1      | ZARRMARR the Draconian Conjurer began the quest for the
                  | Orb.
     0 | D:1      | Reached XP level 1. HP: 14/14 MP: 3/3
   464 | D:1      | Reached XP level 2. HP: 20/20 MP: 5/5
   692 | D:1      | Reached skill level 1 in Short Blades
   904 | D:1      | Reached XP level 3. HP: 22/26 MP: 2/6
  1017 | D:1      | Found a faded altar of an unknown god.
  2045 | D:2      | Found Wucea's Armour Emporium.
  2365 | D:2      | Reached skill level 1 in Fighting
  2365 | D:2      | Reached XP level 4. HP: 35/35 MP: 3/7
  2905 | D:3      | Noticed Terence
  2915 | D:3      | Killed Terence
  3046 | D:3      | Got the Collected Works on the Hurtful Arsonist
  3075 | D:3      | Found a blossoming altar of Fedhas.
  3215 | D:3      | Found a broken altar of Ashenzari.
  3278 | D:3      | Noticed Grinder
  3283 | D:3      | Paralysed by Grinder for 6 turns
  3303 | D:3      | Slain by Grinder

Illustrated notes

Levels and vault maps discovered:
D:1:      minmay_arrival_arboretum_small, layout_loops_ring,
          chequers_ecumenical_altar_grove
D:2:      layout_basic, serial_shops, shop, grunt_ministairs_9,
          chequers_serial_rivers_micro_a
D:3:      layout_loops_ring, nicolae_ashenzari_panopticon, old_standard_altar,
          serial_shops, shop, uniq_terence, uniq_grinder

Skill      XL: |  1  2  3  4 |
---------------+-------------+-----
Short Blades   | 1 |  1.4
Dodging        | 2 |  2.4
Stealth        | 2 |  2.1
Fighting       | 1 2 |  2.1
Spellcasting   | |  2.5
Conjurations   | |  4.6

Action                   |  1- 3 |  4- 6 || total
-------------------------+-------+-------++-------
Melee: Short sword       |    73 |    30 ||   103
       Tailslap          |     4 |     5 ||     9
Throw: Stone             |     2 |       ||     2
 Cast: Magic Dart        |    75 |    27 ||   102
  Use: Scroll            |     4 |     1 ||     5
 Stab: Sleeping          |     2 |       ||     2
Armor: Skin              |    25 |     4 ||    29
Dodge: Dodged            |    55 |    14 ||    69
